[Event "Titled Tuesday Blitz August 22 Late 2023"]
[White "Karas, Marek"]
[Black "Shapiro, Viktor"]
[WhiteFideId "14928558"]
[BlackFideId "4175700"]
[WhiteElo "2414"]
[BlackElo "2548"]
[Result "1-0"]
[Round "5"]
[TimeControl "180+1"]
[Date "2023.08.22"]
[WhiteClock "0:00:03"]
[BlackClock "0:00:00"]
[Board "110"]

1. Nc3 Nf6 2. d4 d5 3. Bf4 Bf5 4. f3 h5 5. h4 c5 6. e4 dxe4 7. dxc5 Qa5 8. Bb5+ Nc6 9. Qe2 e6 10. Bd6 O-O-O 11. O-O-O Bxd6 12. cxd6 exf3 13. Nxf3 Nb4 14. Nd4 Nxa2+ 15. Nxa2 Qxa2 16. Qc4+ Qxc4 17. Bxc4 Bg4 18. Rd3 Rxd6 19. Nb5 Rxd3 20. Bxd3 Kd7 21. Rf1 a6 22. Nd4 Ke7 23. Nb3 Rc8 24. Kd2 Nd5 25. Na5 b6 26. Nc4 f6 27. Ra1 a5 28. b3 Rc6 29. Be4 Bf5 30. Bf3 g6 31. Re1 Kd7 32. Rc1 Kc7 33. Ne3 Rc5 34. Nc4 Nf4 35. Ke3 e5 36. Na3 Bd7 37. c4 Bc6 38. g3 Ne6 39. Bxc6 Kxc6 40. Nb5 Nc7 41. Nc3 f5 42. Na4 Ne6 43. Nxc5 Nxc5 44. Rb1 Kd6 45. b4 axb4 46. Rxb4 Kc6 47. Rb1 1-0


[Site "https://www.chess.com"]

[Event "Titled Tuesday Blitz August 22 Late 2023"]
[White "Albertini, Luca"]
[Black "HamedWafa4"]
[WhiteFideId "847038"]
[WhiteElo "2413"]
[BlackElo "2547"]
[Result "1-0"]
[Round "5"]
[TimeControl "180+1"]
[Date "2023.08.22"]
[WhiteClock "0:00:58"]
[BlackClock "0:00:54"]
[Board "111"]

1. d4 Nf6 2. c4 e6 3. Nc3 Bb4 4. Bg5 c5 5. e3 Qa5 6. Bxf6 Bxc3+ 7. bxc3 Qxc3+ 8. Ke2 Qxc4+ 9. Kf3 Qd5+ 10. e4 Qh5+ 11. g4 Qg6 12. Be5 Nc6 13. Bb5 O-O 14. Bxc6 dxc6 15. Bd6 Rd8 16. dxc5 f5 17. Kg2 fxg4 18. e5 Bd7 19. Qe2 Be8 20. Qe3 Qc2 21. Ne2 Bg6 22. Ng3 Rd7 23. Rhc1 Qa4 24. Rd1 Rf7 25. Rd4 Qb5 26. Rxg4 Qb2 27. Re1 Qxa2 28. Rb4 Qd5+ 29. Kg1 a5 30. Rd4 Qf3 31. Qxf3 Rxf3 32. Ra1 Bc2 33. Kg2 Rc3 34. Ne2 Rb3 35. Rda4 Rb5 36. R4a2 Bb3 37. Ra3 a4 38. Nd4 Rb4 39. Nxb3 axb3 40. Rxa8+ Kf7 41. Rb1 b2 42. Ra2 Rg4+ 43. Kf1 Rc4 44. Raxb2 Rc3 45. Rxb7+ Kg6 46. R1b3 Rc1+ 47. Kg2 Kf5 48. Rf3+ Ke4 49. Rb4+ Kd5 50. Rd3# 1-0


[Site "https://www.chess.com"]

[Event "Titled Tuesday Blitz August 22 Late 2023"]
[White "Nurgaliyeva, Zarina"]
[Black "laidfrq"]
[WhiteFideId "13730096"]
[WhiteElo "2538"]
[BlackElo "2406"]
[Result "0-1"]
[Round "5"]
[TimeControl "180+1"]
[Date "2023.08.22"]
[WhiteClock "0:00:03"]
[BlackClock "0:01:18"]
[Board "112"]

1. e4 c5 2. Nf3 e6 3. g3 Nc6 4. Bg2 Nf6 5. Qe2 Be7 6. O-O d5 7. exd5 exd5 8. d4 O-O 9. dxc5 Re8 10. Nbd2 Bxc5 11. Qd1 Bg4 12. Nb3 Bb6 13. h3 Bxf3 14. Bxf3 Ne4 15. Kg2 Ne5 16. Bf4 Qf6 17. Bxe5 Qxe5 18. Qe2 Qxb2 19. Rae1 Rac8 20. Bxe4 dxe4 21. Rc1 e3 22. f3 Qxa2 23. Rfd1 Qa4 24. Rd3 Qc4 25. Rcd1 Qxc2 26. Kf1 Qxe2+ 27. Kxe2 Rc2+ 28. Ke1 e2 29. Rb1 Bf2+ 30. Kxf2 e1=Q# 0-1


[Site "https://www.chess.com"]

[Event "Titled Tuesday Blitz August 22 Late 2023"]
[White "Ozalp, Burak"]
[Black "Flom, Gabriel"]
[WhiteFideId "6314210"]
[BlackFideId "621650"]
[WhiteElo "2399"]
[BlackElo "2535"]
[Result "0-1"]
[Round "5"]
[TimeControl "180+1"]
[Date "2023.08.22"]
[WhiteClock "0:00:19"]
[BlackClock "0:00:13"]
[Board "113"]

1. e4 e6 2. d3 d5 3. Nd2 Nf6 4. g3 c5 5. Ngf3 Nc6 6. Bg2 Be7 7. O-O b6 8. Re1 Bb7 9. c3 Qc7 10. a4 Rd8 11. Qc2 O-O 12. Nf1 dxe4 13. dxe4 Ba6 14. a5 Nxa5 15. e5 Bd3 16. Qa4 Nd5 17. Qg4 Nb3 18. Ra4 b5 19. Rae4 Nxc1 20. Rxc1 h5 21. Qxh5 Bxe4 22. Ng5 Bxg5 23. Bxe4 f5 24. Bxd5 Rxd5 25. Qxg5 Qxe5 26. Ne3 f4 27. gxf4 Qxg5+ 28. fxg5 Rxg5+ 29. Kf1 a5 30. Rd1 c4 31. Rd6 Re5 32. Ke2 a4 33. Rd7 Rf4 34. Rd8+ Kh7 35. Re8 Rh4 36. Kf3 Rxh2 37. Ng4 Rf5+ 38. Kg3 Rh1 39. f4 Rg1+ 40. Kf3 Rf1+ 41. Nf2 Rxf2+ 42. Kxf2 Rxf4+ 43. Ke3 Rf6 44. Rb8 Rf5 45. Rb6 Re5+ 46. Kd4 Rd5+ 47. Ke4 Rf5 48. Rxe6 g6 49. Rb6 Kh6 50. Ke3 Kh5 51. Rb8 Kg4 52. Ke2 g5 53. Rb6 Kg3 54. Rb8 g4 55. Rd8 Kg2 56. Rd2 Rf2+ 57. Ke1 Rxd2 58. Kxd2 Kf2 0-1


[Site "https://www.chess.com"]

[Event "Titled Tuesday Blitz August 22 Late 2023"]
[White "Ovezdurdyyeva, Jemal"]
[Black "Jovic, Stanoje"]
[WhiteFideId "14001888"]
[BlackFideId "905020"]
[WhiteElo "2389"]
[BlackElo "2534"]
[Result "1-0"]
[Round "5"]
[TimeControl "180+1"]
[Date "2023.08.22"]
[WhiteClock "0:00:33"]
[BlackClock "0:00:00"]
[Board "114"]

1. e4 c6 2. d4 d5 3. Nc3 dxe4 4. Nxe4 Bf5 5. Ng3 Bg6 6. h4 h6 7. Nf3 Nd7 8. Bd3 Bxd3 9. Qxd3 e6 10. O-O Ngf6 11. Bf4 Be7 12. c4 O-O 13. Rfe1 Qa5 14. a3 Rfd8 15. b4 Qa4 16. Qc3 a5 17. Rab1 axb4 18. axb4 Qa3 19. Rb3 Qa4 20. Bc7 Rdc8 21. Ba5 b6 22. Ra3 Qxa3 23. Qxa3 bxa5 24. c5 axb4 25. Qxb4 Rcb8 26. Qc4 Nd5 27. Ne4 Rb4 28. Qc2 Rab8 29. Qa2 N7f6 30. Nxf6+ Bxf6 31. Qa6 Bxd4 32. Nxd4 Rxd4 33. Qxc6 Rc4 34. Ra1 Kh7 35. Ra7 Rb1+ 36. Kh2 Rxh4+ 37. Kg3 Rf4 38. Qe8 Kg6 39. c6 Rb3+ 40. f3 Rc3 41. c7 Rfc4 42. c8=Q Rxc8 43. Qxf7+ Kg5 44. Qxg7+ Kf5 45. Rf7+ 1-0


[Site "https://www.chess.com"]

[Event "Titled Tuesday Blitz August 22 Late 2023"]
[White "Sivakumar, Shaaketh"]
[Black "ArmanGhevondyanchess"]
[WhiteFideId "30940176"]
[WhiteElo "2531"]
[BlackElo "2386"]
[Result "1-0"]
[Round "5"]
[TimeControl "180+1"]
[Date "2023.08.22"]
[WhiteClock "0:01:59"]
[BlackClock "0:00:01"]
[Board "115"]

1. Nf3 Nf6 2. g3 g6 3. Bg2 Bg7 4. O-O O-O 5. c4 c5 6. Nc3 d5 7. cxd5 Nxd5 8. Qc2 Nc6 9. a3 b6 10. e3 Bb7 11. d3 Rc8 12. Qe2 Nxc3 13. bxc3 Bxc3 14. Rb1 Bf6 15. Rd1 Qd7 16. Bb2 Bxb2 17. Qxb2 Rfd8 18. d4 cxd4 19. Nxd4 Nxd4 20. Rxd4 Qc7 21. Bh3 Rxd4 22. Bxc8 Rd3 23. Rc1 Bf3 24. Bg4 Qxc1+ 25. Qxc1 Bxg4 26. Kg2 Be6 27. e4 Rd7 28. h3 b5 29. Qc8+ Kg7 30. Qc3+ Kg8 31. Qc5 a6 32. Qc8+ Kg7 33. Qxa6 Bc4 34. a4 Rd4 35. axb5 Rxe4 36. Qa1+ f6 37. b6 Bd5 38. Kh2 Rb4 39. Qa5 Rb2 40. Qxd5 Rxb6 41. Qd8 Re6 42. Qe8 h5 43. Kg2 Re5 44. f4 Re2+ 45. Kf3 Re1 46. g4 hxg4+ 47. hxg4 Re6 48. f5 gxf5 49. gxf5 Re5 50. Kg4 Re1 51. Qg6+ Kf8 52. Qh7 Re2 53. Kf4 Re1 54. Qh4 Re5 55. Qh6+ Kf7 56. Qg6+ Kf8 57. Qh5 Ra5 58. Ke4 Ra4+ 59. Kd5 Ra5+ 60. Kc6 Ra6+ 61. Kc7 Rd6 62. Qg6 Rd4 63. Kc6 Rd6+ 64. Kc5 Rd8 65. Qh6+ Kf7 66. Qh7+ Ke8 67. Qg8+ Kd7 68. Qf7 Rc8+ 69. Kd5 Rc6 70. Qg8 Rd6+ 71. Ke4 Rc6 72. Qa8 Rc4+ 73. Kd5 Rc7 74. Qa4+ Kd8 75. Ke6 Rc6+ 76. Kf7 Rc5 77. Qe8+ 1-0


[Site "https://www.chess.com"]

[Event "Titled Tuesday Blitz August 22 Late 2023"]
[White "D`Arruda, Ricardo D."]
[Black "Seresin, Francesco"]
[WhiteFideId "100692"]
[BlackFideId "886335"]
[WhiteElo "2531"]
[BlackElo "2381"]
[Result "1-0"]
[Round "5"]
[TimeControl "180+1"]
[Date "2023.08.22"]
[WhiteClock "0:02:25"]
[BlackClock "0:01:04"]
[Board "116"]

1. Nf3 Nf6 2. d4 d5 3. c4 e6 4. Nc3 a6 5. cxd5 exd5 6. Bf4 Bd6 7. Bxd6 Qxd6 8. e3 O-O 9. Bd3 c6 10. O-O Re8 11. Qc2 Nbd7 12. a3 Qe7 13. b4 b5 14. Rfe1 Nb6 15. e4 dxe4 16. Nxe4 h6 17. Nxf6+ 1-0


[Site "https://www.chess.com"]

[Event "Titled Tuesday Blitz August 22 Late 2023"]
[White "Estrada Nieto, Julian"]
[Black "Baghdasaryan, Vahe"]
[WhiteFideId "5101018"]
[BlackFideId "13303139"]
[WhiteElo "2530"]
[BlackElo "2373"]
[Result "1-0"]
[Round "5"]
[TimeControl "180+1"]
[Date "2023.08.22"]
[WhiteClock "0:00:06"]
[BlackClock "0:00:16"]
[Board "117"]

1. e4 e5 2. Nf3 Nc6 3. Bb5 a6 4. Ba4 Nf6 5. O-O Be7 6. d3 b5 7. Bb3 d6 8. a4 b4 9. Nbd2 O-O 10. Re1 Re8 11. c3 Rb8 12. Nc4 h6 13. h3 Be6 14. d4 exd4 15. cxd4 d5 16. Nce5 Na5 17. exd5 Nxd5 18. Bc2 b3 19. Bb1 Bb4 20. Re4 f6 21. Ng6 Bf7 22. Rxe8+ Qxe8 23. Nf4 Rd8 24. Bd3 g5 25. Ne2 Rd6 26. Bd2 Qa8 27. Ng3 Qf8 28. Nf5 Rb6 29. Qe1 Bxd2 30. Qxd2 Nf4 31. Be4 Bg6 32. Re1 Nc4 33. Qc3 Nd6 34. Nxd6 Qxd6 35. Bxg6 Nxg6 36. d5 Qxd5 37. Qxc7 Qd6 38. Re8+ Nf8 39. Qc8 Rc6 40. Rxf8+ Qxf8 41. Qxc6 a5 42. Qc4+ Kg7 43. Qxb3 Qb4 44. Qxb4 axb4 45. a5 Kg6 46. a6 b3 47. a7 g4 48. hxg4 h5 49. gxh5+ Kxh5 50. a8=Q Kg4 51. Qe8 f5 52. Qg6+ Kf4 53. g3+ Ke4 54. Qe6+ Kd3 55. Qxf5+ Ke2 56. g4 Kd1 57. g5 Kc1 58. Nd4 Kd1 59. Nxb3 Ke2 60. Nc5 Kd1 61. g6 Kc1 62. Kg2 Kd1 63. Qd3+ Kc1 64. Qc4+ Kd1 65. b4 Kd2 66. b5 Ke1 67. Qf1+ Kd2 68. g7 Kc2 69. g8=Q Kd2 70. Qd5+ Kc2 71. Qfd1+ Kc3 72. Q5d4# 1-0


[Site "https://www.chess.com"]

[Event "Titled Tuesday Blitz August 22 Late 2023"]
[White "Fernandez, Nelson Wilfredo"]
[Black "Mesa Cruz, Juan Carlos"]
[WhiteFideId "8401594"]
[BlackFideId "6423400"]
[WhiteElo "2529"]
[BlackElo "2427"]
[Result "1/2-1/2"]
[Round "5"]
[TimeControl "180+1"]
[Date "2023.08.22"]
[WhiteClock "0:00:14"]
[BlackClock "0:00:03"]
[Board "118"]

1. d4 Nf6 2. c4 e6 3. Nc3 Bb4 4. Bd2 Bxc3 5. Bxc3 d5 6. Nf3 Ne4 7. Bb4 c5 8. dxc5 Nc6 9. a3 a5 10. Bd2 dxc4 11. e3 Qe7 12. Qc2 Nxd2 13. Nxd2 Qxc5 14. Qxc4 Qxc4 15. Nxc4 Ke7 16. Nb6 Rb8 17. O-O-O Rd8 18. Be2 Ne5 19. f4 Nd7 20. Nc4 b6 21. b4 Ba6 22. Kb2 axb4 23. axb4 Rbc8 24. Rc1 Bxc4 25. Rxc4 Rxc4 26. Bxc4 Nf6 27. Ra1 Rd2+ 28. Kb3 Ne4 29. g4 Nd6 30. Ra7+ Kd8 31. Ba6 Rxh2 32. Ra8+ Kc7 33. Ra7+ Kc6 34. e4 Rh3+ 35. Kb2 b5 36. Bc8 Nxc8 37. Rxf7 g6 38. Rf6 Kd7 39. f5 exf5 40. exf5 gxf5 41. Rxf5 Nd6 42. Rc5 Ke6 43. g5 Ne4 44. Rxb5 Rg3 45. Rb6+ Kd5 46. Rh6 Nxg5 47. Rh4 Kc6 48. Kc2 Kb5 49. Kb2 Rg2+ 50. Kc3 Nf3 51. Rxh7 Ne5 52. Rh5 Re2 53. Kd4 Kxb4 54. Rxe5 Rxe5 55. Kxe5 1/2-1/2


[Site "https://www.chess.com"]

[Event "Titled Tuesday Blitz August 22 Late 2023"]
[White "Lawson, Eric"]
[Black "Bullen, Alex"]
[WhiteFideId "2604116"]
[BlackFideId "1801627"]
[WhiteElo "2524"]
[BlackElo "2353"]
[Result "1-0"]
[Round "5"]
[TimeControl "180+1"]
[Date "2023.08.22"]
[WhiteClock "0:01:10"]
[BlackClock "0:00:22"]
[Board "119"]

1. d4 Nf6 2. Bg5 d5 3. Bxf6 exf6 4. e3 Bd6 5. c4 Be6 6. cxd5 Bxd5 7. Nc3 Bb4 8. a3 Be7 9. Nxd5 Qxd5 10. Rc1 O-O 11. Qc2 c6 12. Nf3 Nd7 13. Bc4 Qh5 14. O-O Nb6 15. Ba2 Bd6 16. Rfd1 Rfe8 17. Qd3 Rad8 18. b4 Nd7 19. h3 Nf8 20. Nd2 f5 21. Nc4 Bb8 22. Na5 Re7 23. b5 f4 24. Rc5 Qxc5 25. dxc5 Rxd3 26. Rxd3 fxe3 27. fxe3 cxb5 28. Kf2 Ne6 29. Bxe6 fxe6 30. Rd8+ Kf7 31. Rxb8 b6 32. cxb6 axb6 33. Rxb6 Ra7 34. Rxb5 Kf6 35. Nc4 Ra4 36. Rb4 Ra6 37. a4 h5 38. a5 g5 39. Rb6 Ra7 40. a6 Rc7 41. Na5 Rc2+ 42. Kf3 Ra2 43. Rb5 e5 44. a7 Kf5 45. g4+ hxg4+ 46. hxg4+ Kf6 47. a8=Q Rh2 48. Qc6+ Kg7 49. Rb7+ Kh8 50. Qc8# 1-0


[Site "https://www.chess.com"]

[Event "Titled Tuesday Blitz August 22 Late 2023"]
[White "Lima, Kleyton Alcantara"]
[Black "Senft, Sean"]
[WhiteFideId "22718397"]
[BlackFideId "2044960"]
[WhiteElo "2522"]
[BlackElo "2352"]
[Result "1-0"]
[Round "5"]
[TimeControl "180+1"]
[Date "2023.08.22"]
[WhiteClock "0:00:43"]
[BlackClock "0:00:00"]
[Board "120"]

1. d4 d5 2. c4 c6 3. Nf3 Nf6 4. e3 e6 5. b3 Bb4+ 6. Nbd2 Nbd7 7. Bd3 Ne4 8. O-O Ndf6 9. Qc2 Nxd2 10. Nxd2 O-O 11. Bb2 b6 12. a3 Bd6 13. e4 dxe4 14. Nxe4 h6 15. Rad1 Nxe4 16. Bxe4 Bb7 17. Rfe1 Qc7 18. h3 c5 19. d5 exd5 20. Bxd5 Bxd5 21. Rxd5 Rfe8 22. Red1 Rad8 23. Qc3 f6 24. Qf3 Bh2+ 25. Kh1 Rxd5 26. Qxd5+ Kh8 27. Qf3 Be5 28. Bxe5 Rxe5 29. g3 Qe7 30. Kg2 Re1 31. Rd2 Kg8 32. h4 Ra1 33. Re2 Qd7 34. h5 Rxa3 35. Qa8+ Kf7 36. Re3 Ra1 37. Qe4 Rd1 38. Qg6+ Kf8 39. Qh7 Qb7+ 40. f3 Rd2+ 41. Kh3 Qd7+ 42. g4 Rd1 43. Re2 Rd2 44. Re1 Rd1 45. Re3 Rd3 46. Qxd3 1-0


[Site "https://www.chess.com"]

[Event "Titled Tuesday Blitz August 22 Late 2023"]
[White "Ozen, Batuhan"]
[Black "Gurevich, Dmitry"]
[WhiteFideId "6345123"]
[BlackFideId "2000407"]
[WhiteElo "2368"]
[BlackElo "2522"]
[Result "0-1"]
[Round "5"]
[TimeControl "180+1"]
[Date "2023.08.22"]
[WhiteClock "0:00:17"]
[BlackClock "0:00:15"]
[Board "121"]

1. c4 e6 2. Nf3 d5 3. g3 d4 4. Bg2 c5 5. O-O Nc6 6. a3 a5 7. d3 Nf6 8. e3 Bd6 9. exd4 cxd4 10. Nbd2 O-O 11. Rb1 e5 12. Ng5 Bg4 13. Qc2 h6 14. Nge4 Nxe4 15. Nxe4 Be7 16. f3 Be6 17. Bd2 f5 18. Nf2 a4 19. b4 axb3 20. Rxb3 Ra7 21. Re1 Bxa3 22. Ra1 Qa8 23. f4 Bc5 24. Rxa7 Qxa7 25. fxe5 Rf7 26. Nh3 g5 27. Rb5 Nxe5 28. Bxg5 Ng4 29. Nf4 Ne3 30. Qb2 hxg5 31. Nxe6 Qa4 32. Nxg5 Qd1+ 33. Kf2 Ng4# 0-1


[Site "https://www.chess.com"]

[Event "Titled Tuesday Blitz August 22 Late 2023"]
[White "Filip, Andrei"]
[Black "arenal72"]
[WhiteFideId "1249452"]
[WhiteElo "2342"]
[BlackElo "2522"]
[Result "0-1"]
[Round "5"]
[TimeControl "180+1"]
[Date "2023.08.22"]
[WhiteClock "0:00:06"]
[BlackClock "0:00:05"]
[Board "122"]

1. e4 Nc6 2. Nf3 d6 3. d4 Nf6 4. Nc3 g6 5. h3 Bg7 6. Be2 O-O 7. O-O e5 8. d5 Nb8 9. Be3 c6 10. dxc6 bxc6 11. Qd2 Qc7 12. Rad1 Ne8 13. Bh6 Be6 14. Bxg7 Kxg7 15. Ng5 Nd7 16. Nxe6+ fxe6 17. Bg4 Rf6 18. Qe2 h5 19. Bf3 Rb8 20. b3 Nc5 21. Qc4 Qa5 22. Na4 Rb4 23. Qe2 Nxa4 24. bxa4 Qxa4 25. Rb1 Rf7 26. c3 Rb6 27. Qd2 Qc4 28. Qg5 Nf6 29. Rbd1 c5 30. Qe3 Rd7 31. a3 a5 32. Rb1 Rdb7 33. Rxb6 Rxb6 34. Rd1 a4 35. Qg5 Qxc3 36. Rc1 Qxa3 37. Qd2 Qb2 38. Qd1 Qd4 39. Qe1 a3 40. Rd1 Qb4 41. Qe2 Qb2 42. Qd3 a2 43. Qf1 Qa3 44. Ra1 Qb2 45. Rd1 Qb1 46. Rxb1 axb1=Q 47. Qxb1 Rxb1+ 48. Kh2 h4 49. g3 g5 50. gxh4 gxh4 51. Kg2 Rb2 52. Bd1 Nxe4 53. Kf3 Nxf2 54. Ba4 Nxh3 55. Kg4 Nf4 56. Bd7 Kf6 57. Bc6 Rh2 58. Bf3 h3 59. Kg3 Rg2+ 60. Bxg2 hxg2 61. Kf2 c4 62. Kg1 c3 63. Kf2 c2 64. Kg3 g1=Q+ 65. Kh4 Qh2+ 66. Kg4 Qh3# 0-1


[Site "https://www.chess.com"]

[Event "Titled Tuesday Blitz August 22 Late 2023"]
[White "Martinez, Shawn"]
[Black "Gallo Garcia, Kemel Antonio"]
[WhiteFideId "2039770"]
[BlackFideId "3523896"]
[WhiteElo "2343"]
[BlackElo "2522"]
[Result "1-0"]
[Round "5"]
[TimeControl "180+1"]
[Date "2023.08.22"]
[WhiteClock "0:01:53"]
[BlackClock "0:01:36"]
[Board "123"]

1. e4 c5 2. Nc3 g6 3. Bc4 Nc6 4. d3 Bg7 5. h4 h5 6. Nf3 e6 7. Nb5 d5 8. exd5 exd5 9. Bxd5 Qa5+ 10. Nc3 Bxc3+ 11. bxc3 Qxc3+ 12. Bd2 Qd4 13. Nxd4 1-0


[Site "https://www.chess.com"]

[Event "Titled Tuesday Blitz August 22 Late 2023"]
[White "Kaplan, Avi Harrison"]
[Black "Stanisz, Patryk"]
[WhiteFideId "30934559"]
[BlackFideId "1123106"]
[WhiteElo "2521"]
[BlackElo "2335"]
[Result "1-0"]
[Round "5"]
[TimeControl "180+1"]
[Date "2023.08.22"]
[WhiteClock "0:00:06"]
[BlackClock "0:00:37"]
[Board "124"]

1. g3 d5 2. Bg2 c6 3. b3 Nf6 4. Bb2 Bf5 5. e3 h6 6. Ne2 e6 7. O-O Nbd7 8. c4 Be7 9. Nbc3 dxc4 10. bxc4 Bd3 11. Re1 Bxc4 12. d3 Ba6 13. Qa4 O-O 14. d4 Nb6 15. Qc2 Nc4 16. Rab1 Nxb2 17. Rxb2 Qa5 18. Nf4 Nd5 19. Nfxd5 cxd5 20. Qd2 Bb4 21. Rc2 Rac8 22. Rec1 Rc6 23. a3 Qxa3 24. Ra2 Bxc3 25. Rxa3 Bxd2 26. Rxc6 bxc6 27. Rxa6 Ra8 28. Bf1 Bb4 29. Rxc6 a5 30. Ra6 Rc8 31. Bd3 Rc3 32. Ra8+ Bf8 33. Rc8 a4 34. Rxc3 a3 35. Rc8 g6 36. Ra8 Kg7 37. Kg2 Bb4 38. Ra7 Bf8 39. Bb5 Bb4 40. Be8 g5 41. Bxf7 Kf6 42. Bg8 e5 43. Ra6+ Kg7 44. Bxd5 exd4 45. exd4 h5 46. Be4 g4 47. d5 1-0


[Site "https://www.chess.com"]

[Event "Titled Tuesday Blitz August 22 Late 2023"]
[White "Garcia-Castany Musellas, Gal.la"]
[Black "ATM622"]
[WhiteFideId "2241803"]
[WhiteElo "2275"]
[BlackElo "2520"]
[Result "0-1"]
[Round "5"]
[TimeControl "180+1"]
[Date "2023.08.22"]
[WhiteClock "0:00:00"]
[BlackClock "0:00:14"]
[Board "125"]

1. Nf3 Nf6 2. b3 g6 3. Bb2 Bg7 4. e4 d6 5. d3 O-O 6. Nbd2 b6 7. Qc1 Bb7 8. Be2 Nbd7 9. O-O c5 10. Re1 e6 11. Bf1 Qc7 12. e5 dxe5 13. Nxe5 Rad8 14. Ndc4 b5 15. Nxd7 Nxd7 16. Bxg7 Kxg7 17. Ne3 Kg8 18. a4 a6 19. axb5 axb5 20. Qb2 Qe5 21. Qxe5 Nxe5 22. Ra7 Bc6 23. Nf5 Nf3+ 24. gxf3 gxf5 25. Re5 Bxf3 26. Bg2 Bd1 27. Rxc5 f4 28. Be4 f5 29. Rcc7 Rf6 30. Rg7+ Kf8 31. Bc6 Rg6+ 32. Rxg6 hxg6 33. Bxb5 Bxc2 34. Bc4 Rd6 35. Kg2 Bxd3 36. Kf3 g5 37. h4 Be4+ 38. Ke2 g4 39. h5 Kg8 40. h6 Kh8 41. Ke1 g3 42. fxg3 fxg3 43. Rg7 f4 44. Rg4 e5 45. Rg7 Rxh6 46. Re7 Rh1+ 47. Ke2 f3+ 48. Ke3 Re1+ 49. Kd2 f2 0-1


[Site "https://www.chess.com"]

[Event "Titled Tuesday Blitz August 22 Late 2023"]
[White "szachmistrz2500"]
[Black "Fajdetic, Hrvoje"]
[BlackFideId "14501945"]
[WhiteElo "2519"]
[BlackElo "2269"]
[Result "1-0"]
[Round "5"]
[TimeControl "180+1"]
[Date "2023.08.22"]
[WhiteClock "0:00:40"]
[BlackClock "0:00:00"]
[Board "126"]

1. Nf3 f5 2. g3 d6 3. Bg2 e5 4. O-O Nf6 5. c4 Be7 6. Nc3 c6 7. d3 O-O 8. Rb1 a5 9. a3 Qe8 10. b4 axb4 11. axb4 Qh5 12. b5 f4 13. Ne4 Bh3 14. Nxf6+ Rxf6 15. bxc6 bxc6 16. e3 fxg3 17. fxg3 Bxg2 18. Kxg2 Ra2+ 19. Rb2 Rxb2+ 20. Bxb2 Nd7 21. d4 e4 22. Nd2 Qxd1 23. Rxd1 d5 24. Bc3 Rf8 25. Ra1 Bg5 26. Ra7 Bxe3 27. Nxe4 dxe4 28. Rxd7 Rf2+ 29. Kh3 Rc2 30. Bb4 Bg1 31. Bd6 h5 32. g4 hxg4+ 33. Kxg4 Rxc4 34. Be5 e3 35. Rxg7+ Kf8 36. Kf3 Rc1 37. Rc7 Rf1+ 38. Ke2 1-0


[Site "https://www.chess.com"]

[Event "Titled Tuesday Blitz August 22 Late 2023"]
[White "Akhayan, Ruben"]
[Black "Gasparyan, David"]
[WhiteFideId "204439"]
[BlackFideId "13311980"]
[WhiteElo "2267"]
[BlackElo "2518"]
[Result "1-0"]
[Round "5"]
[TimeControl "180+1"]
[Date "2023.08.22"]
[WhiteClock "0:01:28"]
[BlackClock "0:00:29"]
[Board "127"]

1. e4 c5 2. Nf3 Nc6 3. Nc3 e6 4. d4 cxd4 5. Nxd4 a6 6. Bc4 Nf6 7. Bb3 Bc5 8. Nxc6 bxc6 9. e5 Nd5 10. Ne4 Be7 11. c4 Nc7 12. Nd6+ Kf8 13. O-O Ne8 14. c5 a5 15. Qh5 Bxd6 16. cxd6 a4 17. Bc4 f5 18. Bg5 Nf6 19. exf6 gxf6 20. Bh6+ Kg8 21. Qxf5 Qe8 22. Qxf6 Qg6 23. Qf8# 1-0


[Site "https://www.chess.com"]

[Event "Titled Tuesday Blitz August 22 Late 2023"]
[White "Ozkan, Taha"]
[Black "tomobeast"]
[WhiteFideId "34577173"]
[WhiteElo "2518"]
[BlackElo "2220"]
[Result "1-0"]
[Round "5"]
[TimeControl "180+1"]
[Date "2023.08.22"]
[WhiteClock "0:02:04"]
[BlackClock "0:00:04"]
[Board "128"]

1. d4 d5 2. c4 e6 3. Nc3 c6 4. cxd5 exd5 5. Qc2 Nf6 6. Bg5 g6 7. e3 Bf5 8. Bd3 Bxd3 9. Qxd3 Bg7 10. Nf3 O-O 11. O-O Nbd7 12. b4 a6 13. a4 b5 14. Rfc1 Nb6 15. Ne5 Qe8 16. axb5 axb5 17. Rxa8 Qxa8 18. Qd1 Nc4 19. Ra1 Qb7 20. Nd3 Nd7 21. Be7 Ra8 22. Bc5 Bf8 23. Bxf8 Kxf8 24. Qb1 Ke7 25. Ra2 Rxa2 26. Qxa2 Ncb6 27. Qa5 Nc4 28. Qa2 Ncb6 29. Ne2 Qa8 30. Qxa8 Nxa8 31. Kf1 Nc7 32. Ke1 Ne6 33. Kd2 Kd6 34. Kc3 Nb6 35. Nc5 Nc4 36. Nxe6 fxe6 37. Nf4 e5 38. dxe5+ Kxe5 39. Nd3+ Kd6 40. Kd4 Nd2 41. Nc5 Nf1 42. Kd3 Nxh2 43. f3 Nf1 44. Nb7+ Kc7 45. Nc5 Ng3 46. Ne6+ Kd6 47. Nf8 Ke7 48. Nxh7 Kf7 49. Ng5+ Kf6 50. Nh3 Nf5 51. Nf2 Ke6 52. e4 Ne7 53. Kd4 Kd6 54. e5+ Ke6 55. g4 g5 56. Nh3 Ng6 57. Nxg5+ Ke7 58. Kc5 Nf4 59. Kxc6 d4 60. Kxb5 d3 61. Ne4 Ne6 62. Kc4 Ng5 63. Nd2 Ke6 64. Kxd3 Kxe5 65. Ke3 Ne6 66. b5 Nf4 67. Nc4+ Kd5 68. Kxf4 Kxc4 69. g5 1-0


[Site "https://www.chess.com"]

[Event "Titled Tuesday Blitz August 22 Late 2023"]
[White "Geivondian, Arman"]
[Black "Osmonbekov, Talaibek"]
[WhiteFideId "24102032"]
[BlackFideId "2017253"]
[WhiteElo "2512"]
[BlackElo "2205"]
[Result "1-0"]
[Round "5"]
[TimeControl "180+1"]
[Date "2023.08.22"]
[WhiteClock "0:01:31"]
[BlackClock "0:00:00"]
[Board "129"]

1. e4 c5 2. Nc3 Nc6 3. Bb5 Nd4 4. Bc4 e6 5. Nge2 a6 6. Nxd4 cxd4 7. Ne2 Bc5 8. d3 d5 9. exd5 exd5 10. Bb3 Nf6 11. O-O O-O 12. Ng3 h6 13. Bf4 Re8 14. Re1 Bg4 15. Qd2 Qb6 16. a3 Bd7 17. Rxe8+ Rxe8 18. Re1 Rxe1+ 19. Qxe1 Bd6 20. Bd2 Qc7 21. Qe2 Kf8 22. Qe1 b5 23. Bb4 h5 24. Qe5 Ne8 25. Qxd5 Be6 26. Bxd6+ Nxd6 27. Qa8+ Ke7 28. Bxe6 Kxe6 29. Nxh5 Qxc2 30. g4 Qd1+ 31. Kg2 Qxg4+ 32. Ng3 a5 33. Qxa5 f5 34. Qe1+ Kf6 35. f3 Qg5 36. Qa5 f4 37. Qd8+ 1-0


[Site "https://www.chess.com"]

[Event "Titled Tuesday Blitz August 22 Late 2023"]
[White "Swicarz, Maciej"]
[Black "Feliz Dotel, Dewar Bienvenido"]
[WhiteFideId "1113585"]
[BlackFideId "6402801"]
[WhiteElo "2510"]
[BlackElo "2180"]
[Result "1-0"]
[Round "5"]
[TimeControl "180+1"]
[Date "2023.08.22"]
[WhiteClock "0:00:09"]
[BlackClock "0:00:00"]
[Board "130"]

1. e4 e5 2. Nf3 Nc6 3. c3 Nf6 4. d4 Nxe4 5. d5 Nb8 6. Nxe5 Qe7 7. Qd4 Nf6 8. Be2 d6 9. Nf3 c5 10. dxc6 Nxc6 11. Qa4 Bd7 12. Qb3 Bg4 13. O-O Qd7 14. Be3 Be7 15. Nbd2 O-O 16. h3 Bh5 17. Rad1 Qc7 18. Bf4 Ne5 19. Rfe1 Rfe8 20. Bg3 Rad8 21. Nxe5 dxe5 22. Bxh5 Nxh5 23. Bxe5 Qc6 24. Nf3 Bd6 25. Bxd6 Rxe1+ 26. Nxe1 Rxd6 27. Rxd6 Qxd6 28. Qxb7 h6 29. Qxa7 Nf4 30. Qe3 Qb8 31. b3 Ne6 32. c4 Qa8 33. Qd2 Qe4 34. Nf3 Nf4 35. Qe3 Qb1+ 36. Kh2 g5 37. g3 Ng6 38. Qe2 Qa1 39. c5 Qc3 40. Qe3 Qc2 41. b4 Qxa2 42. b5 Qd5 43. b6 f5 44. Nd4 f4 45. Qe6+ Qxe6 46. Nxe6 fxg3+ 47. fxg3 Kf7 48. b7 Kxe6 49. b8=Q Ne7 50. Qe8 Kf6 51. Qf8+ Ke6 52. Qxh6+ Kd5 53. Qxg5+ Kc6 54. Qxe7 1-0


[Site "https://www.chess.com"]

[Event "Titled Tuesday Blitz August 22 Late 2023"]
[White "only_strong_moves"]
[Black "Novikova, Margarita"]
[BlackFideId "14109689"]
[WhiteElo "2510"]
[BlackElo "2178"]
[Result "1-0"]
[Round "5"]
[TimeControl "180+1"]
[Date "2023.08.22"]
[WhiteClock "0:00:40"]
[BlackClock "0:00:00"]
[Board "131"]

1. d4 d5 2. Nc3 Nf6 3. Bf4 Bf5 4. e3 c6 5. Nf3 h6 6. Ne5 Nbd7 7. g4 Bh7 8. h4 Nxe5 9. Bxe5 Ne4 10. Nxe4 Bxe4 11. f3 Bg6 12. h5 Bh7 13. Bd3 Bxd3 14. Qxd3 Qa5+ 15. c3 e6 16. b4 Qa3 17. Kf2 Qb2+ 18. Kg3 O-O-O 19. Rhb1 Qa3 20. Rb3 Qa4 21. c4 f6 22. Bf4 Bxb4 23. cxd5 Rxd5 24. Rab1 a5 25. a3 Bd6 26. Bxd6 Rxd6 27. Rxb7 Rhd8 28. Rb8+ Kd7 29. R1b7+ Ke8 30. Qg6+ 1-0


[Site "https://www.chess.com"]